 Dungeon Crawl Stone Soup version 0.22-a0-283-g1871b15 (webtiles) character file.

32026 vishdafish the Cleaver (level 14, -21/112 HPs)
             Began as a Formicid Fighter on Mar 18, 2018.
             Was the Champion of the Shining One.
             Demolished by an ettin
             ... wielding a +0 dire flail
              (32 damage)
             ... on level 2 of the Orcish Mines.
             The game lasted 00:36:20 (15532 turns).

vishdafish the Cleaver (Formicid Fighter)          Turns: 15532, Time: 00:36:21

Health: -21/112    AC: 15    Str: 20    XL:     14   Next: 0%
Magic:  19/19      EV: 15    Int: 14    God:    the Shining One [******]
Gold:   806        SH: 12    Dex: 10    Spells: 13/13 levels left

rFire    . . .     SeeInvis +   j - +2 broad axe (elec)
rCold    + . .     Gourm    .   c - +1 shield
rNeg     + + +     Faith    .   B - +2 ring mail {rC+}
rPois    .         Spirit   .   (helmet unavailable)
rElec    +         Reflect  .   u - scarf {repulsion}
rCorr    .         Harm     .   k - +0 pair of gloves
MR       +....                  C - +2 pair of boots
Stlth    ..........             (no amulet)
HPRegen  0.28/turn              (no ring)
MPRegen  0.16/turn              (no ring)

@: glowing, repel missiles
A: permanent stasis, dig shafts and tunnels, four strong arms, antennae 3,
talons 1, rugged brown scales 1, low mp 1, electricity resistance
a: Dig, Shaft Self, Divine Shield, Cleansing Flame, Summon Divine Warrior, Brand
Weapon With Holy Wrath, Renounce Religion


You were on level 2 of the Orcish Mines.
You worshipped the Shining One.
The Shining One was exalted by your worship.
You were not hungry.

You visited 2 branches of the dungeon, and saw 16 of its levels.

You collected 1291 gold pieces.
You spent 485 gold pieces at shops.

Inventory:

Hand Weapons
 a - a +1 war axe
 j - a +2 broad axe of electrocution (weapon)
Missiles
 x - a throwing net (quivered)
 I - 49 bolts
Armour
 b - a +0 scale mail
 c - a +1 shield (worn)
 k - a +0 pair of gloves (worn)
 u - a scarf of repulsion (worn)
 v - the +4 robe "Hih Pupn" {Int+5}
   (You found it on level 4 of the Dungeon)

   It affects your intelligence (+5).
 B - a +2 ring mail of cold resistance (worn)
 C - a +2 pair of boots (worn)
Wands
 y - a wand of polymorph (33)
 E - a wand of paralysis (10)
 G - a wand of flame (35)
 O - a wand of digging (8)
 P - a wand of iceblast (2)
 T - a wand of enslavement (9)
 U - a wand of acid (2)
 V - a wand of clouds (5)
Scrolls
 e - 6 scrolls of random uselessness {unknown}
 h - 4 scrolls of remove curse
 l - 5 scrolls of enchant armour
 m - 3 scrolls of fear {unknown}
 o - 3 scrolls of enchant weapon
 p - 8 scrolls of teleportation
 r - 2 scrolls of blinking {unknown}
 w - a scroll of vulnerability {unknown}
 A - 3 scrolls of fog {unknown}
 D - 3 scrolls of magic mapping
 F - 3 scrolls of amnesia
 J - a scroll of brand weapon {unknown}
 K - a scroll of immolation
 Q - a scroll of identify
Potions
 d - 4 potions of brilliance
 g - 4 potions of mutation
 i - a potion of berserk rage
 n - 5 potions of agility
 q - 3 potions of haste
 s - a potion of cancellation
 t - 3 potions of resistance
 z - 2 potions of ambrosia
 H - 2 potions of lignification
 L - 2 potions of degeneration {unknown}
 M - 4 potions of curing
 N - a potion of might
 R - a potion of flight {unknown}
 S - a potion of heal wounds
Comestibles
 f - 28 rations
 W - 4 chunks of flesh


   Skills:
 + Level 9.9 Fighting
 - Level 11.0 Axes
 + Level 10.0 Armour
 - Level 10.0 Dodging
 - Level 10.3 Shields
 - Level 10.0 Invocations
 * Level 4.5 Evocations


You had 13 spell levels left.
You didn't know any spells.

Dungeon Overview and Level Annotations

Branches:
Dungeon (14/15)            Temple (0/1) D:5            Lair (0/6) D:10
    Orc (2/2) D:12            Elf (0/3) Orc:2
 Vaults: D:13-14

Altars:
Ashenzari
Cheibriados
Elyvilon
Fedhas
Makhleb
Qazlal
Ru
Uskayaw
Yredelemnul
Zin
The Shining One

Shops:
D:8 *   D:9 *   D:10 **(*!


Innate Abilities, Weirdness & Mutations

You cannot be hasted, slowed, berserked, paralysed or teleported.
You can dig through walls and to a lower floor.
Your four strong arms can wield two-handed weapons with a shield.
You have a pair of large antennae on your head. (SInv)
You have sharp toenails.
You are partially covered in rugged brown scales. (AC +1, +3% HP)
Your magical capacity is low. (-10% MP)
You are resistant to electric shocks. (rElec)


Message History

The ettin is severely wounded.
You hit the ogre. The ogre closely misses you. You block the ettin's attack.
The ettin hits you with a dire flail.
* * * LOW HITPOINT WARNING * * *
Throwing (i - inventory)
x - a throwing net (quivered)
Press: ? - help, Shift-Dir - straight line, f/p - ettin
Aim: an ettin, wielding two dire flails (severely wounded, haloed, immune to nets)
Okay, then.
Throwing (i - inventory)
x - a throwing net (quivered)
Press: ? - help, Shift-Dir - straight line, f/p - ettin
Aim: an ettin, wielding two dire flails (severely wounded, haloed, immune to nets)
Okay, then.
Evoke which item? (* to show all) (? for menu, Esc to quit)
Aiming: Corrosive Bolt
Press: ? - help, Shift-Dir - straight line, f/p - ettin
Aim: an ettin, wielding two dire flails (severely wounded, haloed)
The bolt of acid hits the ettin.
The ettin appears unharmed.
The ettin is severely wounded.
The ettin closely misses you. The ettin hits you with a dire flail!!
You die...

... ##
...##.#
...$...
......
###.... ##
#......##.#
#........###
#.@...##
{##CO...#
#.#.....# {{
###.....#
......# {
>.....#
.....### {
......
......##


You could see an ettin and an ogre.

Vanquished Creatures
  Gastronok (D:10)
  Harold (D:10)
  A centaur warrior (D:13)
  A death knight (D:12)
  7 two-headed ogres
  Sonja (D:10)
  2 unseen horrors (D:13)
  Pikel (D:7)
  A deep elf mage (D:13)
  3 ugly things
  A cyclops (D:12)
  3 manticores
  2 centaur zombies
  Psyche (D:8)
  2 gargoyles (D:13)
  A centaur skeleton (D:13)
  2 kobold demonologists (D:12)
  3 trolls
  A hornet (D:13)
  2 hippogriffs
  A meliai zombie (D:13)
  A spriggan (D:7)
  Sigmund (D:2)
  A wyvern (D:11)
  4 wraiths
  15 yaks
  A hungry ghost (D:13)
  7 vampire mosquitoes
  A steam dragon (D:10)
  Menkaure (D:5)
  A warg (Orc:1)
  An acid dragon (D:10)
  A water moccasin (D:6)
  4 porcupines (D:10)
  Duvessa (D:6)
  14 orc warriors
  6 phantoms
  A slave (D:7)
  3 black bears
  5 ice beasts
  2 sky beasts
  2 eyes of draining
  2 necrophages
  5 ogres
  16 centaurs
  A crocodile (D:10)
  An elf zombie (D:13)
  3 big kobolds
  Blork the orc (D:4)
  13 bullfrogs
  Dowan (D:6)
  2 gnoll sergeants
  A water moccasin skeleton (D:11)
  A scorpion (D:11)
  17 killer bees
  6 wights
  3 bullfrog zombies
  6 howler monkeys
  A crimson imp (D:12)
  2 jellies
  A quasit (D:10)
  10 orc priests
  23 orc wizards
  3 human zombies (D:13)
  9 hounds
  3 iron imps (D:3)
  Jessica (D:2)
  2 bullfrog skeletons
  5 iguanas
  Ijyb (D:3)
  8 worker ants
  A killer bee zombie (D:6)
  A hound skeleton (D:7)
  2 mummies (D:13)
  4 worker ant zombies
  12 adders
  20 gnolls
  A howler monkey skeleton (D:11)
  4 shadow imps
  An adder skeleton (D:4)
  A worm (D:2)
  A dart slug (D:2)
  8 leopard geckos
  63 orcs
  4 giant cockroaches
  9 goblins
  5 hobgoblins
  9 jackals
  12 kobolds
  6 quokkas
  2 ball pythons
  4 bats
  3 frilled lizards
  A leopard gecko skeleton (D:4)
  2 orc zombies (D:13)
  6 rats
  2 fungi (D:10)
  A plant (D:10)
444 creatures vanquished.

Vanquished Creatures (others)
  A yak (D:13)
  A jelly (D:13)
  2 orc wizards (D:7)
  An orc (D:7)
  31 fungi (D:10)
  7 plants (D:10)
43 creatures vanquished.

Grand Total: 487 creatures vanquished

Notes
Turn   | Place    | Note
-------+----------+-------------------------------------------
     0 | D:1      | vishdafish the Formicid Fighter began the quest for the Orb.
     0 | D:1      | Reached XP level 1. HP: 18/18 MP: 1/1
   228 | D:1      | Reached XP level 2. HP: 23/24 MP: 2/2
   456 | D:1      | Reached XP level 3. HP: 26/29 MP: 3/3
   845 | D:3      | Reached skill level 3 in Axes
   845 | D:3      | Reached XP level 4. HP: 28/37 MP: 4/4
   941 | D:2      | Found a blossoming altar of Fedhas.
  1028 | D:2      | Noticed Jessica
  1032 | D:2      | Found a glowing golden altar of the Shining One.
  1045 | D:2      | Noticed Sigmund
  1053 | D:2      | Killed Sigmund
  1053 | D:2      | Reached skill level 4 in Axes
  1053 | D:2      | Reached XP level 5. HP: 36/42 MP: 5/5
  1053 | D:2      | Reached XP level 6. HP: 42/48 MP: 6/6
  1079 | D:2      | Killed Jessica
  1084 | D:2      | Became a worshipper of the Shining One
  1768 | D:3      | Reached skill level 1 in Invocations
  2053 | D:3      | Noticed Ijyb
  2081 | D:3      | Killed Ijyb
  2081 | D:3      | Reached skill level 5 in Shields
  2081 | D:3      | Reached XP level 7. HP: 44/55 MP: 6/8
  2164 | D:3      | Found a sacrificial altar of Ru.
  2252 | D:3      | Found a burning altar of Makhleb.
  2290 | D:3      | Gained mutation: You have sharp toenails. [potion of mutation]
  2290 | D:3      | Gained mutation: Your magical capacity is low. (-10% MP) [potion of mutation]
  2290 | D:3      | Gained mutation: You are resistant to electric shocks. (rElec) [potion of mutation]
  2290 | D:3      | Gained mutation: You are partially covered in rugged brown scales. (AC +1, +3% HP) [potion of mutation]
  2709 | D:4      | Got a twisted robe
  2736 | D:4      | Identified the +4 robe "Hih Pupn" {Int+5} (You found it on level 4 of the Dungeon)
  2792 | D:4      | Noticed Blork the orc
  2819 | D:4      | Killed Blork the orc
  2819 | D:4      | Reached skill level 5 in Axes
  3089 | D:4      | Reached skill level 5 in Armour
  3089 | D:4      | Reached XP level 8. HP: 53/62 MP: 9/9
  3132 | D:4      | Reached skill level 5 in Fighting
  3799 | D:5      | Entered Level 5 of the Dungeon
  4199 | D:5      | Reached skill level 6 in Axes
  4342 | D:5      | Found a hide-covered altar of Uskayaw.
  4352 | D:5      | Reached skill level 5 in Invocations
  4356 | D:5      | Noticed Menkaure
  4356 | D:5      | Reached * piety under the Shining One
  4361 | D:5      | Killed Menkaure
  4361 | D:5      | Reached XP level 9. HP: 42/71 MP: 11/11
  4419 | D:5      | Found a white marble altar of Elyvilon.
  4587 | D:5      | Found a staircase to the Ecumenical Temple.
  4967 | D:6      | Noticed Duvessa
  4968 | D:6      | Noticed Dowan
  4985 | D:6      | Killed Duvessa
  5096 | D:6      | Killed Dowan
  5149 | D:6      | Reached skill level 7 in Axes
  5384 | D:6      | Found a stormy altar of Qazlal.
  5421 | D:6      | Reached skill level 1 in Dodging
  5781 | D:6      | Found a basalt altar of Yredelemnul.
  6611 | D:7      | Found a sacrificial altar of Ru.
  6619 | D:7      | Reached XP level 10. HP: 76/78 MP: 12/13
  6627 | D:7      | Noticed Pikel
  6694 | D:7      | Killed Pikel
  6736 | D:7      | Reached skill level 8 in Axes
  6811 | D:7      | Reached ** piety under the Shining One
  6941 | D:7      | Noticed a two-headed ogre
  6951 | D:7      | Killed a two-headed ogre
  7886 | D:8      | Noticed Psyche
  7891 | D:8      | Killed Psyche
  8180 | D:8      | Found Veyklien's Assorted Antiques.
  8187 | D:8      | Bought a scroll labeled OVYELO LUMENOSE for 34 gold pieces
  8368 | D:8      | Found a glowing silver altar of Zin.
  8453 | D:9      | Reached skill level 9 in Axes
  8482 | D:9      | Found a shattered altar of Ashenzari.
  8561 | D:9      | Reached skill level 5 in Dodging
  8564 | D:9      | Reached XP level 11. HP: 71/83 MP: 16/16
  8653 | D:9      | Reached *** piety under the Shining One
  8849 | D:9      | Reached skill level 10 in Invocations
  9032 | D:9      | Found a snail-covered altar of Cheibriados.
  9046 | D:9      | Noticed a two-headed ogre
  9100 | D:9      | Killed a two-headed ogre
  9449 | D:9      | Noticed a two-headed ogre
  9481 | D:9      | Killed a two-headed ogre
  9724 | D:9      | Reached skill level 10 in Axes
  9825 | D:9      | Found Efim's General Store.
  9828 | D:9      | Bought a potion of agility for 52 gold pieces
  9828 | D:9      | Bought a potion of lignification for 39 gold pieces
 10206 | D:10     | Entered Level 10 of the Dungeon
 10235 | D:10     | Noticed a manticore
 10236 | D:10     | Found Owoev's Weapon Shoppe.
 10243 | D:10     | Killed a manticore
 10360 | D:10     | Noticed Gastronok
 10375 | D:10     | Killed Gastronok
 10375 | D:10     | Reached XP level 12. HP: 89/93 MP: 17/17
 10433 | D:10     | Noticed Harold
 10436 | D:10     | Found Deikkife's General Store.
 10454 | D:10     | Killed Harold
 10461 | D:10     | Bought a scroll of amnesia for 38 gold pieces
 10674 | D:10     | Noticed Sonja
 10675 | D:10     | Found Pustall's General Store.
 10680 | D:10     | Killed Sonja
 10700 | D:10     | Bought a scroll of identify for 30 gold pieces
 10700 | D:10     | Bought a scroll of magic mapping for 52 gold pieces
 10700 | D:10     | Bought a scroll of immolation for 52 gold pieces
 11100 | D:10     | Found a staircase to the Lair.
 11531 | D:10     | Found Vunwu's Assorted Antiques.
 11534 | D:10     | Bought a scroll labeled XOHIDU IJIU for 34 gold pieces
 11634 | D:10     | Found Cigeycs's Distillery.
 11634 | D:10     | Reached **** piety under the Shining One
 11644 | D:10     | Bought a potion of curing for 42 gold pieces
 11644 | D:10     | Bought a potion of agility for 56 gold pieces
 11644 | D:10     | Bought a potion of agility for 56 gold pieces
 11840 | D:11     | Reached skill level 11 in Axes
 12473 | D:11     | Noticed a two-headed ogre
 12481 | D:11     | Killed a two-headed ogre
 12821 | D:12     | Found a staircase to the Orcish Mines.
 13123 | D:12     | Noticed a death knight
 13133 | D:12     | Killed a death knight
 13133 | D:12     | Reached XP level 13. HP: 63/101 MP: 18/18
 13135 | D:12     | Reached ***** piety under the Shining One
 13895 | D:12     | Reached skill level 10 in Shields
 14016 | D:13     | Noticed a centaur warrior
 14023 | D:13     | Killed a centaur warrior
 14091 | D:13     | Reached skill level 10 in Dodging
 14308 | D:13     | Reached skill level 1 in Evocations
 15062 | D:13     | Found a basalt altar of Yredelemnul.
 15101 | D:13     | Reached ****** piety under the Shining One
 15368 | D:13     | Reached skill level 10 in Armour
 15368 | D:13     | Reached XP level 14. HP: 109/112 MP: 19/19
 15411 | Orc:1    | Entered Level 1 of the Orcish Mines
 15523 | Orc:2    | Entered Level 2 of the Orcish Mines
 15524 | Orc:2    | Found a staircase to the Elven Halls.
 15532 | Orc:2    | Demolished by an ettin

Vault maps used:
D:1:      denvon_arrival_planthouse, minmay_split_cup_large
D:2:      fedhas_altar_1, tso_metal_star, kennysheep_generic_room_5,
          uniq_jessica, uniq_sigmund
D:3:      demons_altar, nicolae_ru_path_of_blood, uniq_ijyb
D:4:      uniq_blork_the_orc
D:5:      lemuel_doored_altar, minmay_temple_entry_mist, first_ration,
          elyvilon_altar_5, uniq_menkaure
D:6:      kennysheep_little_box, nicolae_overflow_crystal_walls, uniq_duvessa
D:7:      lemuel_crystal_altar, the_bakery, wad_floor_pattern_untrapped,
          uniq_pikel
D:8:      marbit_many_paths, serial_shops, shop, uniq_psyche
D:9:      hangedman_cross_cluster, ashenzari_conservatory_becter, serial_shops,
          shop
D:10:     due_lair_maze_entry_diamond, serial_shops, shop, shop_fountains,
          shop_fountains, nicolae_shop_stone, kennysheep_mini_moat, uniq_harold,
          uniq_sonja, uniq_gastronok
D:11:     corexii_corridor_pit
D:12:     david_orc_2, serial_column_ruins, column_ruins_hut_ruined,
          column_ruins_open_small, column_ruins_grid_1, column_ruins_open_tiny,
          column_ruins_grid_1, column_ruins_open_small
D:13:     lemuel_mausoleum_altar_yredelemnul
D:14:     erik_vaults_1, tgw_xom
Orc:2:    kennysheep_orc_mage_school, portal_ice_cave_demonic_guard,
          mines5_lemuel

Skill      XL: |  1  2  3  4  5  6  7  8  9 10 11 12 13 |
---------------+----------------------------------------+-----
Shields        | 4 5 6 7 8 9 10 | 10.3
Axes           | 3 4 5 6 7 9 10 11 | 11.0
Fighting       | 4 5 6 7 8 9 |  9.9
Armour         | 4 5 6 7 8 10 | 10.0
Invocations    | 1 3 5 7 9 10 | 10.0
Dodging        | 2 5 7 8 10 | 10.0
Evocations     | 4 |  4.5

Action                   |  1- 3 |  4- 6 |  7- 9 | 10-12 | 13-15 || total
-------------------------+-------+-------+-------+-------+-------++-------
Melee: War axe           |    88 |   124 |   308 |   308 |       ||   828
       Hand axe          |     9 |       |       |       |       ||     9
       Kick              |       |       |    64 |       |       ||    64
       Broad axe         |       |       |       |   307 |   326 ||   633
Throw: Throwing net      |       |       |       |     3 |     1 ||     4
 Abil: Dig               |       |     1 |     7 |    10 |     3 ||    21
Evoke: Wand              |       |       |     5 |     7 |     7 ||    19
  Use: Scroll            |     2 |       |     5 |     5 |       ||    12
       Potion            |       |     1 |     3 |     3 |       ||     7
  Eat: Chunk             |       |     4 |    15 |    12 |    10 ||    41
       Ration            |       |       |       |     3 |       ||     3
Armor: Scale mail        |    28 |    54 |     9 |       |       ||    91
       Robe              |       |       |    51 |       |       ||    51
       Ring mail         |       |       |    18 |   152 |    68 ||   238
Dodge: Dodged            |    25 |    52 |   113 |   261 |   150 ||   601
       Deflected         |       |       |     5 |    14 |    12 ||    31
Block: Shield            |    47 |    69 |   159 |   341 |   201 ||   817

Table legend:
 A = Spawn XP
 B = Non-spawn XP
 C = Spawn XP percentage of total XP
 D = Spawn monster count
 E = Non-spawn monster count
 F = Spawn count percentage of total count
 G = Total turns spent on level
                    A         B        C        D         E        F      G
               +---------+---------+-------+---------+---------+-------+---------
         Total |       0 |   45752 |   0.0 |       0 |     440 |   0.0 | 15532
               +---------+---------+-------+---------+---------+-------+---------
           D:1 |       0 |      36 |   0.0 |       0 |      21 |   0.0 |   667
           D:2 |       0 |     340 |   0.0 |       0 |      19 |   0.0 |   844
           D:3 |       0 |     273 |   0.0 |       0 |      25 |   0.0 |  1042
           D:4 |       0 |     612 |   0.0 |       0 |      38 |   0.0 |  1246
           D:5 |       0 |    1147 |   0.0 |       0 |      20 |   0.0 |   959
           D:6 |       0 |    1464 |   0.0 |       0 |      30 |   0.0 |  1830
           D:7 |       0 |    2371 |   0.0 |       0 |      18 |   0.0 |  1177
           D:8 |       0 |    1004 |   0.0 |       0 |      14 |   0.0 |   677
           D:9 |       0 |    5453 |   0.0 |       0 |      61 |   0.0 |  1764
          D:10 |       0 |    7969 |   0.0 |       0 |      48 |   0.0 |  1629
          D:11 |       0 |    4486 |   0.0 |       0 |      40 |   0.0 |  1319
          D:12 |       0 |    8794 |   0.0 |       0 |      44 |   0.0 |   792
          D:13 |       0 |   11648 |   0.0 |       0 |      61 |   0.0 |  1463
         Orc:1 |       0 |     155 |   0.0 |       0 |       1 |   0.0 |   112
               +---------+---------+-------+---------+---------+-------+---------
